 Dungeon Crawl Stone Soup version 0.30-a0-4-ga7cffc901d (webtiles) character file.

Game seed: 12456570307494722008

155 Setbun the Cutter (level 5, -5/30 HPs)
             Began as a Kobold Brigand on Aug 20, 2022.
             Slain by Natasha (9 damage)
             ... on level 3 of the Dungeon.
             The game lasted 00:02:04 (2252 turns).

Setbun the Cutter (Kobold Brigand)                  Turns: 2252, Time: 00:02:05

Health: -5/30      AC:  3    Str:  9    XL:     5   Next: 63%
Magic:  5/5        EV: 14    Int: 12    God:
Gold:   136        SH:  0    Dex: 18    Spells: 4/4 levels left

rFire   . . .      SeeInvis .    a - +2 dagger
rCold   . . .      Faith    .    (no shield)
rNeg    . . .      Spirit   .    b - +0 robe
rPois   .          Reflect  .    (no helmet)
rElec   .          Harm     .    c - +0 cloak
rCorr   .          Rampage  .    (no gloves)
Will    .....                    (no boots)
Stlth   ++++......               (no amulet)
HPRegen 0.10/turn                (no ring)
MPRegen 0.09/turn                (no ring)

@: slowed, very slow
A: small, no large weapons, nightstalker 3
a: no special abilities


You were on level 3 of the Dungeon.
You visited 1 branch of the dungeon, and saw 3 of its levels.

You collected 136 gold pieces.

Inventory:

Hand Weapons
 a - a +2 dagger (weapon)
Missiles
 d - 9 poisoned darts (quivered)
 e - 3 curare-tipped darts
Armour
 b - a +0 robe (worn)
 c - a +0 cloak (worn)
Jewellery
 i - a ring of protection from fire
 o - a ring of resist corrosion
 r - an amulet of magic regeneration
Scrolls
 g - a scroll of noise {unknown}
 h - 3 scrolls of identify {unknown}
 j - a scroll of enchant armour {unknown}
 l - a scroll of amnesia {unknown}
 m - a scroll of torment {unknown}
 n - a scroll of fog {unknown}
 q - a scroll of fear {unknown}
Potions
 f - a potion of resistance {unknown}
 k - a potion of lignification {unknown}
 p - a potion of heal wounds {unknown}


   Skills:
 - Level 2.1 Fighting
 * Level 7.2 Short Blades
 - Level 2.1 Throwing
 - Level 1.2 Dodging
 - Level 5.3 Stealth


You had 4 spell levels left.
You didn't know any spells.
Your spell library was empty.

Dungeon Overview and Level Annotations

Branches:
Dungeon (3/15)

Altars:

Shops:
D:2 ((

Annotations:
D:3 Natasha


Innate Abilities, Weirdness & Mutations

You are small and have problems with some larger weapons.
You are completely attuned to the shadows.


Message History

Natasha is almost dead.
The crimson imp hits you. Natasha casts a spell at you.
You feel as though you will be slow longer.
You hit Natasha but do no damage.
Natasha is almost dead.
The crimson imp barely misses you. Natasha claws you but does no damage.
You closely miss Natasha.
Natasha is almost dead.
The crimson imp closely misses you. Natasha casts a spell at you.
The magic dart hits you!
* * * LOW HITPOINT WARNING * * *
You closely miss Natasha.
Natasha is almost dead.
The crimson imp puffs mist at you. The crimson imp closely misses you.
You hit Natasha but do no damage.
Natasha is almost dead.
Natasha stares at you and mumbles some strange words.
The magic dart hits you.
* * * LOW HITPOINT WARNING * * *
The crimson imp hits you but does no damage.
You closely miss Natasha.
Natasha is almost dead.
Natasha mumbles some strange words.
Natasha's front paws start to glow.
Natasha mumbles some strange words.
The crimson imp barely misses you.
You barely miss Natasha.
Natasha is almost dead.
Natasha casts a spell at you.
You feel as though you will be slow longer.
The crimson imp hits you.
* * * LOW HITPOINT WARNING * * *
You closely miss Natasha.
Natasha is almost dead.
The crimson imp hits you but does no damage.
Natasha claws you!
You die...

## #.........# ####........ .#
#.........# #....†.....§ .#
#.........# #........... .#
#.........# #...........
.####.........# ###...........
...#...###..#.# #.....#..8....
.#.....####.#.# ####.....##...
........###.#.###h....#####......
##..........#(.5@5...............
#...............###..............
..##......#..#...................
.......#.......>.................
...#...#.##.#####.............#..
.......####..# #.............##.
.........##..#####...........####
....#.##.###....##...........# #
....#......#.##..........♣...# #


You could see Natasha and 2 crimson imps.

Vanquished Creatures
  Natasha (D:3)
  4 gnolls (D:3)
  3 adders
  A dart slug (D:3)
  An orc (D:3)
  5 endoplasms
  2 giant cockroaches
  7 goblins
  4 hobgoblins (D:1)
  7 jackals (D:1)
  2 kobolds
  3 quokkas (D:1)
  5 ball pythons
  6 bats
  6 frilled lizards
  6 rats
63 creatures vanquished.

Notes
Turn   | Place    | Note
-------+----------+-------------------------------------------
     0 | D:1      | Setbun the Kobold Brigand began the quest for the Orb.
     0 | D:1      | Reached XP level 1. HP: 12/12 MP: 1/1
    17 | D:1      | Reached skill level 3 in Short Blades
   105 | D:1      | Reached XP level 2. HP: 17/17 MP: 2/2
   365 | D:1      | Reached skill level 4 in Short Blades
   593 | D:1      | Reached XP level 3. HP: 21/21 MP: 3/3
   896 | D:1      | Reached skill level 5 in Short Blades
  1050 | D:2      | Found Uskobeic's Weapon Emporium.
  1149 | D:2      | Reached XP level 4. HP: 26/26 MP: 4/4
  1389 | D:2      | Found Hivvul's Weapon Emporium.
  1708 | D:3      | Reached skill level 6 in Short Blades
  1713 | D:3      | Reached XP level 5. HP: 30/30 MP: 5/5
  1740 | D:3      | Noticed Natasha
  1744 | D:3      | Killed Natasha
  1816 | D:3      | Reached skill level 7 in Short Blades
  2225 | D:3      | Noticed Natasha
  2252 | D:3      | Slain by Natasha

Illustrated notes

Levels and vault maps discovered:
D:1:      wander_arrival_desolate, layout_basic, minivault_19
D:2:      layout_basic, serial_shops, nicolae_shop_trees, nicolae_shop_stone,
          grunt_decor_fettered, grunt_ministairs_7
D:3:      layout_rooms, kennysheep_decorative_pillar, serial_park_tiny_1,
          uniq_crazy_yiuf_cottage, uniq_natasha

Skill      XL: |  1  2  3  4  5 |
---------------+----------------+-----
Short Blades   | 3 4 5 6 7 |  7.2
Fighting       | |  2.1
Throwing       | |  2.1
Dodging        | |  1.2
Stealth        | |  5.3

Action                   |  1- 3 |  4- 6 || total
-------------------------+-------+-------++-------
Melee: Dagger            |    91 |    87 ||   178
       Punch             |     1 |       ||     1
 Stab: Sleeping          |    17 |    14 ||    31
       Distracted        |       |     1 ||     1
Armor: Robe              |    23 |    15 ||    38
Dodge: Dodged            |    49 |    53 ||   102

Table legend: (Time is in decaauts)
 A = Elapsed time spent in this place.
 B = Non-inter-level travel time spent in this place.
 C = Inter-level travel time spent in this place.
 D = Time resting spent in this place.
 E = Time spent auto-exploring this place.
 F = Levels seen in this place.
 G = Mean time per level.
                   A        B        C        D        E       F      G
               +--------+--------+--------+--------+--------+-----+--------+
         Total |   2208 |   2165 |     43 |    277 |   1546 |   3 |  736.0 |
       Dungeon |   2208 |   2165 |     43 |    277 |   1546 |   3 |  736.0 |
               +--------+--------+--------+--------+--------+-----+--------+

Top non-repeatable levels by time:
     D:1: 966 daAuts
     D:2: 715 daAuts
     D:3: 526 daAuts
